Map: Apotheosis LE

Players

ADONMORT

  • Race: Protoss Protoss
  • League: Gold
  • Spawn Location: 11:00

Fropez - Winner!

  • Race: Protoss Protoss
  • League: Gold
  • Spawn Location: 5:00

VOD

Have the link to the VOD?

Description

Time

  • Played on: Sept. 28, 2016, 11:51 a.m.
  • Length: 23:05
Show
View Real Time Build Order
Export as new Build Order

ADONMORT Protoss 

Build Orders:  

Get SALT Encoding   

  12  0:11  Pylon  
  12  0:16  Probe (Chrono Boost)  
  13  0:27  Probe (Chrono Boost)  
  14  0:37  Probe (Chrono Boost)  
  15  0:48  Probe (Chrono Boost)  
  16  0:53  Pylon  
  16  0:58  Probe (Chrono Boost)  
  17  1:14  Gateway  
  17  1:16  Gateway  
  17  1:21  Gateway  
  17  1:24  Probe (Chrono Boost)  
  18  1:32  Pylon  
  18  1:34  Pylon  
  18  2:08  Zealot x2  
  18  2:09  Zealot  
  24  2:22  Nexus  
  24  2:35  Zealot  
  24  2:36  Zealot  
  28  2:41  Zealot  
  30  3:02  Zealot  
  30  3:03  Zealot  
  34  3:09  Pylon  
  34  3:11  Cybernetics Core  
  34  3:21  Assimilator  
  34  3:26  Assimilator  
  34  3:52  Probe (Chrono Boost)  
  35  3:58  Assimilator  
  36  4:03  Probe (Chrono Boost), Assimilator  
  36  4:13  Probe (Chrono Boost)  
  36  4:17  Warp Gate  
  37  4:24  Probe (Chrono Boost)  
  38  4:25  Robotics Facility  
  38  4:34  Probe (Chrono Boost)  
  39  4:45  Probe (Chrono Boost)  
  40  4:55  Probe (Chrono Boost)  
  41  5:05  Probe (Chrono Boost)  
  42  5:15  Pylon, Probe  
  42  5:16  Immortal (Chrono Boost)  
  47  5:25  Pylon, Probe  
  48  5:36  Probe  
  49  5:46  Probe  
  50  5:51  Immortal (Chrono Boost)  
  53  6:33  Stalker x2  
  53  6:34  Stalker  
  55  7:07  Pylon  
  55  7:10  Mothership Core  
  55  7:14  Pylon  
  49  8:04  Gateway  
  49  8:06  Gateway  
  31  9:01  Probe  
  32  9:12  Probe  
  33  9:19  Stalker x2  
  33  9:22  Probe  
  38  9:33  Probe  
  39  9:40  Cybernetics Core  
  39  9:43  Probe  
  40  9:56  Gateway  
  39  10:15  Pylon  
  39  10:20  Gateway  
  39  10:22  Gateway  
  39  10:30  Stalker x2  
  42  10:51  Gateway  
  42  10:55  Stalker  
  42  10:56  Stalker  
  46  11:08  Pylon  
  42  11:20  Stalker x3  
  42  11:21  Stalker x2  
  38  12:02  Probe  
  38  12:06  Stalker x4  
  47  12:12  Probe  
  48  12:23  Probe  
  47  12:44  Pylon  
  47  12:48  Pylon  
  43  12:58  Stalker x5  
  39  13:25  Stalker x5  
  34  13:57  Stalker x4  
  36  14:24  Stalker x5  
  36  15:09  Probe  
  36  15:11  Probe  
  38  15:19  Probe  
  33  15:21  Probe  
  32  15:30  Probe  
  32  15:32  Probe  
  34  15:39  Nexus  
  34  15:40  Probe  
  35  15:43  Probe  
  36  15:51  Probe  
  36  15:53  Probe  
  38  16:17  Pylon  
  38  16:18  Probe x2  
  40  16:28  Probe x2  
  42  16:39  Pylon, Probe x2  
  44  16:49  Probe x2  
  46  16:55  Stalker x2  
  46  16:56  Stalker  
  46  16:58  Probe  
  46  17:00  Probe x2  
  55  17:09  Probe  
  56  17:24  Robotics Facility  
  56  17:29  Probe x3  
  59  17:39  Probe x2  
  59  17:40  Probe  
  62  17:50  Probe x2  
  63  18:01  Stalker x2  
  63  18:02  Stalker x3  
  62  18:28  Stalker x3  
  62  18:29  Stalker  
  64  18:53  Probe x3  
  62  19:04  Probe x3  
  65  19:14  Probe x2  
  65  19:35  Stalker x4  
  73  19:54  Stalker  
  70  20:05  Stalker x3  
  70  20:06  Stalker  
  74  20:12  Probe  
  74  20:13  Probe x2  
  75  21:11  Zealot x5  
  81  21:17  Probe x3  
  88  21:27  Probe x2  
  88  21:28  Probe  
  84  21:38  Probe x2  
  85  21:40  Probe  
  86  21:48  Probe  
  87  21:54  Pylon  
  87  21:57  Pylon  
  87  21:59  Pylon  
  85  22:05  Observer (Chrono Boost)  
  83  22:24  Pylon  
  83  22:26  Pylon  
Show
View Real Time Build Order
Export as new Build Order

Fropez Protoss - Winner!

Build Orders:  

Get SALT Encoding   

  12  0:01  Probe (Chrono Boost)  
  13  0:17  Probe (Chrono Boost)  
  14  0:21  Pylon  
  14  0:28  Probe (Chrono Boost)  
  15  0:40  Probe (Chrono Boost)  
  15  0:42  Gateway  
  16  0:50  Probe (Chrono Boost)  
  16  0:54  Assimilator  
  17  1:01  Probe (Chrono Boost)  
  18  1:11  Probe (Chrono Boost)  
  18  1:12  Pylon  
  19  1:22  Probe (Chrono Boost)  
  21  1:32  Probe (Chrono Boost)  
  21  1:41  Cybernetics Core  
  21  1:43  Probe (Chrono Boost)  
  22  1:49  Nexus  
  22  1:53  Probe (Chrono Boost)  
  23  2:04  Probe (Chrono Boost)  
  24  2:14  Cybernetics Core  
  24  2:15  Probe (Chrono Boost)  
  25  2:16  Assimilator  
  25  2:25  Probe (Chrono Boost)  
  26  2:31  Pylon  
  26  2:36  Probe (Chrono Boost)  
  27  2:38  Forge  
  27  2:50  Warp Gate (Chrono Boost)  
  28  2:54  Mothership Core  
  28  2:58  Gateway  
  29  3:00  Stalker (Chrono Boost)  
  31  3:10  Probe  
  32  3:16  Pylon  
  32  3:17  Pylon  
  32  3:23  Pylon  
  32  3:30  Stalker (Chrono Boost)  
  34  3:43  Twilight Council, Protoss Ground Weapons Level 1 (Chrono Boost)  
  33  3:50  Stalker  
  35  3:56  Probe  
  36  4:08  Probe  
  37  4:20  Probe, Blink (Chrono Boost)  
  37  4:23  Stalker  
  37  4:24  Stalker  
  42  4:32  Probe  
  42  4:33  Pylon  
  43  4:42  Pylon  
  43  4:44  Probe  
  44  4:56  Pylon  
  44  5:01  Probe  
  44  5:02  Photon Cannon  
  45  5:13  Probe  
  45  5:14  Stalker x2  
  50  5:25  Probe  
  50  5:28  Gateway  
  51  5:35  Protoss Ground Weapons Level 2  
  51  5:38  Probe  
  52  5:43  Stalker  
  54  5:50  Probe  
  55  5:57  Robotics Facility  
  55  5:59  Stalker  
  53  7:02  Stalker x2  
  53  7:06  Observer  
  58  7:25  Stalker  
  56  7:50  Stalker x3  
  54  8:00  Pylon  
  54  8:08  Protoss Ground Weapons Level 3 (Chrono Boost)  
  54  8:20  Zealot  
  54  8:26  Gateway  
  56  8:28  Stalker x2  
  56  8:29  Gateway  
  60  9:14  Nexus  
  60  9:31  Probe  
  61  9:43  Probe  
  62  9:47  Nexus  
  60  10:21  Adept x4  
  68  10:31  Probe  
  69  10:43  Probe  
  70  10:57  Pylon  
  70  10:59  Assimilator  
  68  11:12  Pylon  
  64  12:05  Adept x4, Probe  
  64  12:06  Adept, Probe  
  74  12:11  Gateway  
  74  12:13  Gateway  
  74  12:14  Gateway  
  72  12:18  Pylon  
  72  12:19  Pylon  
  72  12:25  Pylon  
  72  12:29  Stalker x4  
  76  12:30  Stalker  
  58  13:13  Gateway  
  58  13:14  Gateway  
  58  13:19  Photon Cannon  
  56  13:20  Stalker  
  56  13:22  Photon Cannon  
  56  13:25  Pylon  
  56  13:26  Pylon  
  54  13:28  Stalker  
  54  13:44  Stalker  
  54  13:48  Photon Cannon  
  52  13:51  Photon Cannon  
  52  13:55  Pylon  
  44  14:14  Stalker  
  44  14:15  Stalker x2  
  44  14:26  Stalker  
  44  14:27  Probe  
  44  14:28  Probe  
  46  14:41  Stalker x2  
  40  15:04  Stalker x2  
  44  15:20  Probe x2  
  42  15:21  Probe  
  45  15:32  Stalker x2  
  49  15:41  Probe  
  49  15:43  Probe  
  47  16:05  Protoss Ground Armor Level 1 (Chrono Boost)  
  47  16:06  Assimilator  
  47  16:09  Gateway  
  47  16:14  Gateway  
  47  16:33  Stalker x2  
  47  16:34  Stalker x2  
  47  16:38  Pylon  
  47  16:39  Pylon, Photon Cannon  
  55  16:43  Probe, Photon Cannon  
  56  16:49  Warp Prism (Chrono Boost)  
  58  16:57  Probe  
  58  16:58  Probe  
  60  17:03  Probe  
  60  17:05  Assimilator  
  60  17:07  Probe, Assimilator  
  61  17:10  Probe  
  63  17:16  Photon Cannon  
  63  17:18  Photon Cannon  
  63  17:20  Immortal  
  63  17:21  Photon Cannon  
  63  17:25  Pylon  
  67  17:59  Protoss Ground Armor Level 2 (Chrono Boost)  
  67  18:04  Adept x4  
  67  18:05  Adept x3  
  79  18:06  Adept  
  79  18:46  Adept  
  79  18:47  Adept x5  
  79  18:48  Adept x2  
  81  19:19  Nexus  
  81  19:22  Probe, Dark Shrine  
  81  19:23  Pylon, Probe, Gateway  
  69  19:27  Adept  
  69  19:28  Adept  
  69  19:29  Pylon  
  73  19:48  Protoss Shields Level 1 (Chrono Boost)  
  69  20:02  Stalker x5  
  69  20:03  Stalker  
  77  20:23  Immortal  
  81  20:29  Adept x7  
  81  20:30  Adept  
  81  20:31  Resonating Glaives (Chrono Boost)  
  96  20:54  Stalker  
  96  20:55  Stalker x2  
  102  21:12  Dark Templar x2  
  106  21:23  Probe  
  106  21:24  Probe  
  106  21:51  Stalker x5  
  112  21:58  Sentry  
  102  22:41  Sentry x3  
  102  22:42  Stalker  
  102  22:43  Stalker  
Tags
 
League
GoldGold
Matchup
PvP
Replay Pack
All Mines
Spawn Locations
Cross Positions
Add a new tag
Caveats
  • Supply blocks, unpowered buildings, or Contaminate may cause inaccurate times.
  • Supply counts are checked every 10 seconds.